cohdb
Replays
Latest Replays
All Replays
Popular Replays
Top Player Replays
Match Explorer
How It Works
Community
CoH3 Stats
Reddit
Sign in to upload your games and track your stats! →
Sign in with Steam
Match 41523109
Unlisted
Match 41523109
Overview
Messages
Build Orders
End
Royal Engineer Section
Construct Section Command Post
Selects Australian Defense Battlegroup
Selects Australian Light Infantry Section
Dingo Light Scout Car
Australian Light Infantry Section
Vickers Machine Gun Team
Infantry Section
Construct Platoon Command Post
Selects 2-pounder Anti-tank Gun Team
WadoVice
deanx1
0
0
Comments
sign in to comment!
No comments posted yet!